 Dungeon Crawl Stone Soup version 0.24-a0-446-g87df7205b4 (webtiles) character file.

Game seed: 18445395587106426698

58 krystol the Ruffian (level 3, 0/37 HPs)
             Began as a Troll Monk on June 24, 2019.
             Slain by Terence
             ... wielding a +3 hand axe of freezing
              (1 damage)
             ... on level 3 of the Dungeon.
             The game lasted 00:03:45 (1920 turns).

krystol the Ruffian (Troll Monk)                    Turns: 1920, Time: 00:03:46

Health: 0/37       AC:  7    Str: 19    XL:     3   Next: 75%
Magic:  2/2        EV: 10    Int:  7    God:
Gold:   166        SH:  0    Dex: 12    Spells: 2/2 levels left

rFire    . . .     SeeInvis .     - Unarmed
rCold    . . .     Gourm    +   (no shield)
rNeg     . . .     Faith    .   a - +0 robe
rPois    .         Spirit   .   (helmet restricted)
rElec    .         Reflect  .   d - +0 cloak
rCorr    .         Harm     .   (gloves unavailable)
MR       .....                  (boots unavailable)
Stlth    ++........             (no amulet)
HPRegen  0.52/turn              (no ring)
MPRegen  0.08/turn              (no ring)

@: no status effects
A: large, unfitting armour, claws 3, fast metabolism 3, gourmand, regeneration
1, shaggy fur 1, tough skin 3
a: no special abilities


You were on level 3 of the Dungeon.
You were full.

You visited 1 branch of the dungeon, and saw 3 of its levels.

You collected 166 gold pieces.

Inventory:

Armour
 a - a +0 robe (worn)
 d - a +0 cloak (worn)
   (You found it on level 1 of the Dungeon)
Jewellery
 b - a cursed -3 ring of evasion {unknown}
   (You found it on level 1 of the Dungeon)
Scrolls
 g - a scroll of magic mapping {unknown}
 j - a scroll of amnesia
 p - a scroll of identify {unknown}
 r - 2 scrolls of remove curse {@r2}
Potions
 c - a potion of flight {unknown}
 f - a potion of ambrosia {unknown}
 h - 3 potions of haste {unknown}
 i - 2 potions of curing {unknown}
 k - a potion of agility {unknown}
 l - a potion of cancellation {unknown}
 m - a potion of berserk rage {unknown}
 n - a potion of heal wounds {unknown}
 o - 2 potions of magic {unknown}
 s - a potion of resistance {unknown}
Comestibles
 e - 5 rations {!d}
 q - 2 chunks of flesh


   Skills:
 + Level 3.0 Fighting
 - Level 2.4 Dodging
 - Level 1.0 Stealth
 * Level 4.2 Unarmed Combat


You had 2 spell levels left.
You didn't know any spells.
Your spell library was empty.

Dungeon Overview and Level Annotations

Branches:
Dungeon (3/15)

Altars:
Hepliaklqana
Xom

Annotations:
D:3 Sigmund, Terence


Innate Abilities, Weirdness & Mutations

You are too large for most types of armour.
You have claws for hands.
Your metabolism is lightning-fast.
You like to eat raw meat.
Your natural rate of healing is unusually fast.
You are covered in fur. (AC +1)
You have extremely tough skin. (AC +3)


Message History

There is a large open door here.
There is a large open door here.
The giant cockroach misses you.
You scratch the giant cockroach.
You kill the giant cockroach!
No target in view!
No target in view!
No target in view!
s - a green potion You hear the brisk rusting of a distant drain.
There is a large open door here.
There is a large open door here.
You open the door.
Found 12 gold pieces.
There is an open door here.
Found 8 gold pieces.
You now have 158 gold pieces (gained 12).
You now have 166 gold pieces (gained 8).
Terence the Incautious comes into view.
He is wielding a +3 hand axe of freezing.
Terence shouts!
Found a ration.
You scratch Terence but do no damage.
Terence hits you with a +3 hand axe of freezing.
Terence freezes you.
You barely miss Terence. You closely miss Terence. Terence barely misses you.
You closely miss Terence.
Terence hits you with a +3 hand axe of freezing.
Terence freezes you.
You scratch Terence. Terence closely misses you.
You scratch Terence but do no damage. Terence closely misses you.
You scratch Terence but do no damage.
Terence hits you with a +3 hand axe of freezing!
Terence freezes you.
You claw Terence! You scratch Terence.
Terence hits you with a +3 hand axe of freezing.
* * * LOW HITPOINT WARNING * * *
Terence freezes you.
* * * LOW HITPOINT WARNING * * *
You scratch Terence.
Terence hits you with a +3 hand axe of freezing.
* * * LOW HITPOINT WARNING * * *
Terence freezes you.
* * * LOW HITPOINT WARNING * * *
You completely miss Terence.
Terence hits you with a +3 hand axe of freezing!
* * * LOW HITPOINT WARNING * * *
Terence freezes you.
You die...

### #.## #... ########### #.##
..........# #.## ..........# #.#.
..........##### #.#.
%.....@........# #.#. .......@..#
#.# #.#. ..........# #.# #.#.
..........####.######'#'
###################..............
#..(......# #..............
#.....<...# #....>.........
#.........# #........###+#.
#.........# #........# #.
#.........############..(.### #.


You could see Terence.

Vanquished Creatures
  A worm (D:2)
  2 dart slugs (D:1)
  An orc (D:2)
  4 bats
  2 giant cockroaches
  6 hobgoblins
  3 jackals (D:1)
  7 kobolds
  A quokka (D:2)
  8 frilled lizards
  7 goblins
  5 rats
47 creatures vanquished.

Notes
Turn   | Place    | Note
-------+----------+-------------------------------------------
     0 | D:1      | krystol the Troll Monk began the quest for the Orb.
     0 | D:1      | Reached XP level 1. HP: 22/22 MP: 0/0
   152 | D:1      | Reached XP level 2. HP: 27/29 MP: 1/1
   479 | D:1      | Reached XP level 3. HP: 36/36 MP: 2/2
  1050 | D:2      | Reached skill level 4 in Unarmed Combat
  1260 | D:2      | Found a shimmering altar of Xom.
  1262 | D:2      | Found a hazy altar of Hepliaklqana.
  1262 | D:2      | Noticed a hungry ghost
  1265 | D:2      | Noticed a hungry ghost
  1265 | D:2      | Noticed a spectral ugly thing
  1512 | D:3      | Noticed Sigmund
  1906 | D:3      | Noticed Terence
  1920 | D:3      | HP: 1/37 [Terence/+3 hand axe of freezing (7)]
  1920 | D:3      | Slain by Terence

Levels and vault maps discovered:
D:1:      roderic_dead_forest, layout_basic, minmay_crystal_room,
          minmay_nonomino_d4
D:2:      layout_basic, regret_index_temple_of_mockery
D:3:      corexii_shack_village, layout_basic, cheibrodos_sewer_entry_bend,
          gammafunk_ghost_necromancy, uniq_terence, uniq_sigmund

Skill      XL: |  1  2  3 |
---------------+----------+-----
Unarmed Combat | 4 |  4.2
Fighting       | 3 |  3.0
Dodging        | |  2.4
Stealth        | |  1.0

Action                   || total
-------------------------++-------
Melee: Unarmed           ||   132
       Punch             ||     1
  Use: Scroll            ||     4
 Stab: Sleeping          ||     4
  Eat: Chunk             ||    19
Armor: Robe              ||    43
Dodge: Dodged            ||    47

Table legend:
 A = Non-vault XP
 B = Vault XP
 C = Vault XP percentage of total XP
 D = Non-vault monster count
 E = Vault monster count
 F = Vault count percentage of total count
                 A         B        C        D         E       F
            +---------+---------+-------+---------+---------+-------
      Total |      76 |       7 |   8.4 |      44 |       3 |   6.4
            +---------+---------+-------+---------+---------+-------
        D:1 |      41 |       7 |  14.6 |      24 |       3 |  11.1
        D:2 |      21 |       0 |   0.0 |      10 |       0 |   0.0
        D:3 |      14 |       0 |   0.0 |      10 |       0 |   0.0
            +---------+---------+-------+---------+---------+-------
